 Dungeon Crawl Stone Soup version 0.29.0-4-gdea44cf6ec (webtiles) character file.

Game seed: 5073970791169512413

135 qw the Ruffian (level 5, -4/41 HPs)
             Began as a Ghoul Enchanter on Sept 5, 2022.
             Killed by divine providence
             ... invoked by an orc priest
              (16 damage)
             ... on level 3 of the Dungeon.
             The game lasted 00:01:34 (2921 turns).

qw the Ruffian (Ghoul Enchanter)                    Turns: 2921, Time: 00:01:35

Health: -4/41      AC: 12    Str: 14    XL:     5   Next: 18%
Magic:  6/6        EV:  6    Int: 10    God:
Gold:   197        SH:  0    Dex:  9    Spells: 7/7 levels left

rFire   . . .      SeeInvis .     - Unarmed
rCold   + . .      Faith    .   (no shield)
rNeg    + + +      Spirit   .   j - +0 chain mail
rPois   inf        Reflect  .   b - +2 helmet
rElec   .          Harm     .   (no cloak)
rCorr   .          Rampage  .   (no gloves)
Will    .....                   l - +0 pair of boots
Stlth   ..........              (no amulet)
HPRegen 0.00/turn               (no ring)
MPRegen 0.10/turn               (no ring)

@: inhibited regen
A: claws 1, cold resistance 1, negative energy resistance 3, inhibited
regeneration, torment resistance 2, devour on kill
a: no special abilities


You were on level 3 of the Dungeon.
You visited 1 branch of the dungeon, and saw 3 of its levels.

You collected 197 gold pieces.


Innate Abilities, Weirdness & Mutations

You are immune to poison.
You have sharp fingernails.
Your flesh is cold resistant. (rC+)
You are immune to negative energy. (rN+++)
You do not regenerate when monsters are visible.
You are immune to unholy pain and torment.
You thrive by killing the living.


   Skills:
 - Level 2.1 Fighting
 - Level 0.8 Short Blades
 - Level 1.0 Armour
 - Level 1.7 Dodging
 - Level 3.2 Stealth
 + Level 4.2 Unarmed Combat
 - Level 1.7 Spellcasting
 - Level 2.4 Hexes


You had 7 spell levels left.
You didn't know any spells.
Your spell library contained the following spells:

 Spells                   Type           Power      Damage    Failure   Level
 Ensorcelled Hibernation  Hex/Ice        6%         N/A       100%        2
 Confusing Touch          Hex            5%         N/A       100%        3
 Dazzling Flash           Conj/Hex       6%         N/A       100%        3
 Tukima's Dance           Hex            5%         N/A       100%        3

Inventory:

Armour
 b - a +2 helmet (worn)
 j - a +0 chain mail (worn)
 l - a +0 pair of boots (worn)
Scrolls
 h - 6 scrolls of identify
Potions
 a - a potion of degeneration {unknown}
 c - a potion of brilliance {unknown}
 f - a potion of curing
 n - a potion of flight {unknown}
 o - a potion of lignification {unknown}

Dungeon Overview and Level Annotations

Branches:
Dungeon (3/15)

Altars:
Uskayaw


Message History

You barely miss the orc priest.
The orc priest hits you but does no damage.
You closely miss the orc priest.
The orc priest invokes the aid of Beogh against you.
Beogh smites you!
You hear a shout!
You closely miss the orc priest. The orc priest hits you with a +0 club.
The orc hits you but does no damage.
You scratch the orc priest.
The orc priest is moderately wounded.
The orc priest hits you with a +0 club. The orc hits you with a +0 mace.
An orc comes into view. It is wielding a +0 whip.
You scratch the orc priest.
The orc priest is heavily wounded.
The orc priest hits you with a +0 club. The orc hits you but does no damage.
You closely miss the orc priest.
The orc priest is heavily wounded.
The orc priest hits you but does no damage.
The orc barely misses you.
You scratch the orc priest.
The orc priest is heavily wounded.
The orc priest hits you but does no damage.
The orc hits you with a +0 mace.
You scratch the orc priest but do no damage.
The orc priest is heavily wounded.
The orc priest hits you but does no damage.
The orc barely misses you.
You barely miss the orc priest.
The orc priest is heavily wounded.
The orc priest hits you with a +0 club. The orc hits you with a +0 mace.
2919 ||| Stepping ~*~*~tactically~*~*~ (outnumbered).
The orc priest miscasts a cantrip.
A kobold comes into view. It is wielding a +0 dagger.
2920 ||| Stepping ~*~*~tactically~*~*~ (outnumbered).
The orc attacks as you move away! The orc hits you but does no damage.
You scratch the orc.
The orc is heavily wounded.
The orc priest invokes the aid of Beogh against you.
Beogh smites you!
You die...

## . .## #. K .. #. #.#.
#. #.#.### #. .....#
......# #. #. #...#
......# #. #..###...##
#...# ## #.....o.o@#
#...#
#.#....o.######...######
#.....)#(............##
#...#..................
#......#.............##
##.##########...######
#. #...# #. #...# #.
#...#


You could see an orc priest and 2 orcs.

Vanquished Creatures
  Robin (D:1)
  3 adders (D:2)
  2 worms (D:2)
  4 dart slugs
  8 bats
  8 endoplasms
  4 giant cockroaches
  12 goblins
  7 hobgoblins
  2 jackals (D:3)
  4 quokkas
  10 ball pythons
  A frilled lizard (D:2)
  2 kobolds
  8 rats
76 creatures vanquished.

Notes
Turn   | Place    | Note
-------+----------+-------------------------------------------
     0 | D:1      | qw the Ghoul Enchanter began the quest for the Orb.
     0 | D:1      | Reached XP level 1. HP: 14/14 MP: 2/2
     0 | D:1      | 0 ||| qw: Version: 0.1-a-104-g96f76f8
     0 | D:1      | 0 ||| qw: Game counter: 5789
     0 | D:1      | 0 ||| qw: Always use a shield: true
     0 | D:1      | 0 ||| qw: God list: Okawaru
     0 | D:1      | 0 ||| qw: Allow faded altars: false
     0 | D:1      | 0 ||| qw: Do Orc after D:15 true
     0 | D:1      | 0 ||| qw: Do second Lair branch before Depths: true
     0 | D:1      | 0 ||| qw: Lair rune preference: random
     0 | D:1      | 0 ||| qw: Plans: Normal
     0 | D:1      | 0 ||| PLANNING D:1-11
     1 | D:1      | 1 ||| DROPPING +1 dagger.
    53 | D:1      | Reached skill level 1 in Unarmed Combat
   212 | D:1      | Reached XP level 2. HP: 22/22 MP: 3/3
   256 | D:1      | Reached skill level 1 in Fighting
   351 | D:1      | 351 ||| Stepping ~*~*~tactically~*~*~ (hiding).
   354 | D:1      | 354 ||| Stepping ~*~*~tactically~*~*~ (hiding).
   356 | D:1      | 356 ||| Stepping ~*~*~tactically~*~*~ (hiding).
   663 | D:1      | Reached skill level 2 in Unarmed Combat
   829 | D:1      | Found a faded altar of an unknown god.
   904 | D:1      | Reached XP level 3. HP: 28/28 MP: 4/4
  1210 | D:1      | 1210 ||| UPGRADING to +0 ring mail.
  1220 | D:1      | 1220 ||| DROPPING +0 robe.
  1221 | D:1      | 1221 ||| UPGRADING to +0 chain mail.
  1231 | D:1      | 1231 ||| DROPPING +0 ring mail.
  1232 | D:1      | 1232 ||| UPGRADING to +0 pair of boots.
  1239 | D:1      | 1239 ||| READING 3 scrolls labelled YNATIH LARIS.
  1241 | D:1      | 1241 ||| READING scroll labelled QINUOHE NEAMM.
  1242 | D:1      | 1242 ||| READING 2 scrolls labelled EFAIMN XUSOF.
  1243 | D:1      | 1243 ||| READING scroll labelled LAQERYI CUCUMPIA.
  1244 | D:1      | 1244 ||| READING scroll labelled TOKHLAR COOGOU.
  1247 | D:1      | 1247 ||| DRINKING 2 sedimented brown potions.
  1248 | D:1      | 1248 ||| READING 2 scrolls of identify.
  1248 | D:1      | 1248 ||| IDENTIFYING fuming dark potion
  1249 | D:1      | 1249 ||| DROPPING potion of attraction.
  1250 | D:1      | 1250 ||| DROPPING 2 potions of invisibility.
  1251 | D:1      | 1251 ||| DROPPING scroll of magic mapping.
  1326 | D:2      | Noticed Robin
  1327 | D:2      | 1327 ||| Stepping ~*~*~tactically~*~*~ (stealth).
  1329 | D:2      | 1329 ||| Stepping ~*~*~tactically~*~*~ (hiding).
  1330 | D:2      | 1330 ||| STAIRDANCE
  1396 | D:2      | 1396 ||| STAIRDANCE
  1424 | D:2      | 1424 ||| STAIRDANCE
  1432 | D:2      | 1432 ||| STAIRDANCE
  1434 | D:1      | 1434 ||| Stepping ~*~*~tactically~*~*~ (outnumbered).
  1441 | D:1      | Reached skill level 3 in Unarmed Combat
  1444 | D:2      | 1444 ||| STAIRDANCE
  1459 | D:1      | Killed Robin
  1675 | D:1      | 1675 ||| UPGRADING to +0 helmet.
  1683 | D:2      | 1683 ||| STAIRDANCE
  1692 | D:1      | Reached skill level 1 in Armour
  1703 | D:2      | Reached XP level 4. HP: 35/35 MP: 5/5
  1704 | D:2      | 1704 ||| Stepping ~*~*~tactically~*~*~ (stealth).
  1826 | D:2      | 1826 ||| Stepping ~*~*~tactically~*~*~ (hiding).
  1850 | D:2      | 1850 ||| Stepping ~*~*~tactically~*~*~ (stealth).
  1852 | D:2      | 1852 ||| Stepping ~*~*~tactically~*~*~ (stealth).
  1853 | D:2      | 1853 ||| Stepping ~*~*~tactically~*~*~ (stealth).
  1862 | D:2      | 1862 ||| Stepping ~*~*~tactically~*~*~ (stealth).
  1899 | D:2      | 1899 ||| READING scroll of enchant armour.
  1899 | D:2      | 1899 ||| ENCHANTING +0 helmet.
  2049 | D:2      | Reached skill level 4 in Unarmed Combat
  2082 | D:2      | 2082 ||| Stepping ~*~*~tactically~*~*~ (outnumbered).
  2286 | D:2      | 2286 ||| Stepping ~*~*~tactically~*~*~ (stealth).
  2297 | D:2      | Reached XP level 5. HP: 41/41 MP: 6/6
  2406 | D:2      | 2406 ||| DROPPING orb of light.
  2407 | D:2      | 2407 ||| READING scroll labelled TIKHAR LAUKYZ.
  2408 | D:2      | 2408 ||| DRINKING 2 green potions.
  2509 | D:2      | 2509 ||| DROPPING potion of ambrosia.
  2571 | D:3      | Found a hide-covered altar of Uskayaw.
  2714 | D:3      | 2714 ||| READING scroll of enchant armour.
  2714 | D:3      | 2714 ||| ENCHANTING +1 helmet.
  2863 | D:3      | 2863 ||| Stepping ~*~*~tactically~*~*~ (stealth).
  2919 | D:3      | 2919 ||| Stepping ~*~*~tactically~*~*~ (outnumbered).
  2920 | D:3      | 2920 ||| Stepping ~*~*~tactically~*~*~ (outnumbered).
  2921 | D:3      | Killed from afar by an orc priest

Levels and vault maps discovered:
D:1:      lightli_molten_gateway, layout_loops_cross,
          shapermc_ecumenical_altar_notcrosses, minivault_5, minmay_distorted
D:2:      layout_loops_ring, minmay_misc_feat_alley, minmay_split_cup_large,
          uniq_robin
D:3:      layout_loops_cross, lemuel_doored_altar

Skill      XL: |  1  2  3  4 |
---------------+-------------+-----
Unarmed Combat | 1 2 3 4 |  4.2
Fighting       | 1 2 |  2.1
Armour         | 1 |  1.0
Short Blades   | |  0.8
Dodging        | |  1.7
Stealth        | |  3.2
Spellcasting   | |  1.7
Hexes          | |  2.4

Action                   |  1- 3 |  4- 6 || total
-------------------------+-------+-------++-------
Melee: Unarmed           |   105 |   134 ||   239
       Punch             |     3 |     1 ||     4
  Use: Scroll            |     6 |     3 ||     9
       Potion            |     1 |     1 ||     2
 Stab: Sleeping          |     2 |       ||     2
Armor: Robe              |     6 |       ||     6
       Chain mail        |    30 |    70 ||   100
Dodge: Dodged            |    45 |    29 ||    74

Table legend:
 A = Non-vault XP
 B = Vault XP
 C = Vault XP percentage of total XP
 D = Non-vault monster count
 E = Vault monster count
 F = Vault count percentage of total count
                 A         B        C        D         E       F
            +---------+---------+-------+---------+---------+-------
      Total |     133 |      60 |  31.1 |      59 |      17 |  22.4
            +---------+---------+-------+---------+---------+-------
        D:1 |      43 |      33 |  43.4 |      23 |      10 |  30.3
        D:2 |      73 |      27 |  27.0 |      26 |       7 |  21.2
        D:3 |      17 |       0 |   0.0 |      10 |       0 |   0.0
            +---------+---------+-------+---------+---------+-------
